 Dungeon Crawl Stone Soup version 0.32-a0-20-ge526923d97 (webtiles) character file.

Game seed: 13130886562945260859

90 p00ps00p the Trooper (level 4, -4/41 HPs)
             Began as a Hill Orc Fighter on Jan 18, 2024.
             Killed by divine providence
             ... invoked by an orc priest
              (10 damage)
             ... on level 3 of the Dungeon.
             The game lasted 00:02:54 (1424 turns).

p00ps00p the Trooper (Hill Orc Fighter)             Turns: 1424, Time: 00:02:56

Health: -4/41      AC:  7    Str: 20    XL:     4   Next: 56%
Magic:  4/4        EV:  9    Int:  8    God:
Gold:   763        SH:  4    Dex: 10    Spells: 3/3 levels left

rFire   . . .        a - +0 war axe
rCold   . . .        c - +0 buckler
rNeg    . . .        b - +0 scale mail
rPois   .            (no helmet)
rElec   .            (no cloak)
rCorr   .            (no gloves)
SInv    .            (no boots)
Will    .....        (no amulet) Stlth
                     (no ring)
HPRegen 0.26/turn    (no ring)
MPRegen 0.09/turn

%: no passive effects
@: no status effects
A: no striking features
a: Convert to Beogh


You were on level 3 of the Dungeon.
You visited 1 branch of the dungeon, and saw 3 of its levels.

You collected 763 gold pieces.

Inventory:

Hand Weapons
 a - a +0 war axe (weapon)
Armour
 b - a +0 scale mail (worn)
 c - a +0 buckler (worn)
Jewellery
 j - a ring of positive energy
Potions
 d - a potion of might
 f - 2 potions of lignification


   Skills:
 + Level 4.4 Fighting
 + Level 3.8 Axes
 + Level 4.0 Armour
 + Level 4.0 Shields


You had 3 spell levels left.
You didn't know any spells.
Your spell library was empty.

Dungeon Overview and Level Annotations

Branches:
Dungeon (3/15)

Altars:


Message History

The orc priest threatens, "By the altar or by the axe, you will meet Beogh!" (press Y on the ability menu to convert to Beogh)
The orc priest shouts!
A frilled lizard comes into view.
A ball python comes into view.
The ball python hisses angrily.
The orc priest shouts, "Surrender to Beogh and we'll let you live!"
The orc priest hits you but does no damage.
You hit the orc priest.
The orc priest shouts, "Beogh is our master!
Accept the truth or die!"
The orc priest is moderately wounded.
You block the orc priest's attack.
You closely miss the orc priest.
The orc priest is moderately wounded.
The orc priest invokes the aid of Beogh against you.
Beogh smites you!
You hit the orc.
The orc is heavily wounded.
The orc priest calls upon Beogh to heal the orc.
The orc's wounds heal themselves!
The ball python barely misses you. The ball python grabs you.
The ball python constricts you.
You slash the ball python!
You kill the ball python!
You hit the orc.
A ball python comes into view.
The orc hits you but does no damage.
You barely miss the orc priest.
The orc priest is moderately wounded.
You slash the orc!
You kill the orc!
You closely miss the frilled lizard.
The orc priest calls down the wrath of Beogh upon you.
Beogh smites you! You block the frilled lizard's attack.
You block the orc's attack.
The orc hits you from afar with a +0 trident!
* * * LOW HITPOINT WARNING * * *
The frilled lizard bites you but does no damage.
The orc priest calls down the wrath of Beogh upon you.
Beogh smites you!
You die...

########## #.
.......... #.
#.........
####.######.#.#...
#.........#..... .#
#.# #.....#.#o#...##
#.# #.......@)o.....
##.###.....#.#l.S.###
#............#..##.#
#..####...####..#
##..# ##†## ..#
###<..# #.# ..#
.<....# #.# ..#
###...# #.# ..# ###.#
#.#


You could see an orc priest, an orc, a ball python and a frilled lizard.

Vanquished Creatures
  Terence (D:2)
  3 adders
  A dart slug (D:1)
  An orc (D:3)
  2 ball pythons
  6 endoplasms
  A giant cockroach (D:1)
  5 goblins
  3 hobgoblins
  A kobold (D:1)
  3 quokkas
  2 bats
  3 frilled lizards
  2 rats
34 creatures vanquished.

Notes
Turn   | Place    | Note
-------+----------+-------------------------------------------
     0 | D:1      | p00ps00p the Hill Orc Fighter began the quest for the Orb.
     0 | D:1      | Reached XP level 1. HP: 19/19 MP: 1/1
   111 | D:1      | Reached XP level 2. HP: 26/27 MP: 2/2
   157 | D:1      | Found a faded altar of an unknown god.
   641 | D:2      | Reached XP level 3. HP: 32/33 MP: 3/3
   938 | D:2      | Noticed Terence
   946 | D:2      | Killed Terence
   947 | D:2      | Reached XP level 4. HP: 32/41 MP: 4/4
  1348 | D:2      | Identified a scroll of acquirement
  1348 | D:2      | Acquired 621 gold pieces
  1424 | D:3      | Killed from afar by an orc priest

Illustrated notes

Levels and vault maps discovered:
D:1:      psy_arrival_dodecagon, layout_loops_ring,
          hellmonk_ecumenical_altar_slurped_away
D:2:      layout_loops_ring, amcnicky_mini_rare_corridor_liquid, uniq_terence
D:3:      layout_loops_ring, grunt_temple_overflow_open, wad_orctagon

Skill      XL: |  1  2  3  4 |
---------------+-------------+-----
Axes           | 3 |  3.8
Fighting       | 4 |  4.4
Armour         | 4 |  4.0
Shields        | 4 |  4.0

Action                     |  1- 3 |  4- 6 || total
---------------------------+-------+-------++-------
  Melee: War axe           |    78 |    20 ||    98
    Use: Scroll            |     1 |     4 ||     5
 Armour: Scale mail        |    51 |    14 ||    65
  Dodge: Dodged            |    31 |     8 ||    39
  Block: Buckler           |    25 |     6 ||    31

Table legend: (Time is in decaauts)
 A = Elapsed time spent in this place.
 B = Non-inter-level travel time spent in this place.
 C = Inter-level travel time spent in this place.
 D = Time resting spent in this place.
 E = Time spent auto-exploring this place.
 F = Levels seen in this place.
 G = Mean time per level.
                   A        B        C        D        E       F      G
               +--------+--------+--------+--------+--------+-----+--------+
         Total |   1459 |   1424 |     35 |      0 |   1183 |   3 |  486.3 |
       Dungeon |   1459 |   1424 |     35 |      0 |   1183 |   3 |  486.3 |
               +--------+--------+--------+--------+--------+-----+--------+

Top non-repeatable levels by time:
     D:2: 756 daAuts
     D:1: 652 daAuts
     D:3: 49 daAuts
